 Dungeon Crawl Stone Soup version 0.29-a0-821-g6639535 (webtiles) character file.

Game seed: 14695586762190704969

110 Illumine the Covered (level 4, 0/60 HPs)
             Began as a Minotaur Fighter on July 7, 2022.
             Killed from afar by Sigmund (1 damage)
             ... with a magic dart
             ... on level 3 of the Dungeon.
             The game lasted 00:01:55 (2472 turns).

Illumine the Covered (Minotaur Fighter)             Turns: 2472, Time: 00:01:56

Health: 0/60       AC:  9    Str: 22    XL:     4   Next: 61%
Magic:  3/3        EV:  6    Int:  5    God:
Gold:   145        SH:  8    Dex: 10    Spells: 3/3 levels left

rFire   . . .      SeeInvis .   a - +0 war axe
rCold   . . .      Faith    .   o - +0 kite shield
rNeg    . . .      Spirit   .   r - +0 chain mail
rPois   .          Reflect  .   (helmet restricted)
rElec   .          Harm     .   (no cloak)
rCorr   .          Rampage  .   (no gloves)
Will    .....                   (no boots)
Stlth   ..........              (no amulet)
HPRegen 0.20/turn               (no ring)
MPRegen 0.08/turn               (no ring)

@: mighty, berserking (expiring), attractive, very quick
A: horns 2, retaliatory headbutt
a: no special abilities


You were on level 3 of the Dungeon.
You visited 1 branch of the dungeon, and saw 3 of its levels.

You collected 145 gold pieces.

Inventory:

Hand Weapons
 a - a +0 war axe (weapon)
Missiles
 b - 6 javelins
 j - 5 poisoned darts (quivered)
Armour
 o - a +0 kite shield (worn)
 r - a +0 chain mail (worn)
Scrolls
 c - a scroll of vulnerability {unknown}
 g - 2 scrolls of amnesia {unknown}
 h - 6 scrolls of identify {unknown}
 i - a scroll of poison {unknown}
 k - 2 scrolls of enchant weapon {unknown}
 l - a scroll of enchant armour {unknown}
 n - a scroll of fear {unknown}
 p - 3 scrolls of teleportation {unknown}
 q - a scroll of magic mapping {unknown}
Potions
 e - a potion of ambrosia {unknown}
 f - 2 potions of attraction
 m - a potion of degeneration {unknown}


   Skills:
 + Level 4.3 Fighting
 * Level 4.2 Axes
 + Level 4.4 Armour
 + Level 0.6 Dodging
 + Level 4.1 Shields


You had 3 spell levels left.
You didn't know any spells.
Your spell library contained the following spells:

 Spells                   Type           Power      Damage    Failure   Level
 Conjure Flame            Conj/Fire      0%         6-21      100%        3
 Ignite Poison            Fire/Tmut/Pois 0%         N/A       100%        3
 Sticky Flame             Conj/Fire      0%         2d3       100%        4


Dungeon Overview and Level Annotations

Branches:
Dungeon (3/15)

Altars:
Hepliaklqana

Annotations:
D:3 Sigmund


Innate Abilities, Weirdness & Mutations

You have a pair of horns on your head.
You reflexively headbutt those who attack you in melee.


Message History

Sigmund is nearby!
You closely miss Sigmund. You block Sigmund's attack.
You feel very mighty all of a sudden.
An orc comes into view. It is wielding a +0 hand axe.
Unknown command.
You barely miss Sigmund.
Sigmund points at you and mumbles some strange words.
You are confused.
Sigmund mumbles some strange words.
Sigmund flickers and vanishes!
Deactivating autopickup; reactivate with Ctrl-A.
You're too confused to move!
Something hits you!
Unknown command.
You bump into the rock wall.
Something hits you! x2
It was a potion of attraction.
You feel attractive to monsters. Something is attracted toward you.
The orc is attracted toward you.
It was a potion of berserk rage.
A red film seems to cover your vision as you go berserk!
You feel yourself moving faster!
You feel mighty! Something hits you.
* * * LOW HITPOINT WARNING * * *
Unknown command.
You bump into the rock wall.
You feel a strong urge to attack something.
Something hits you but does no damage. Something is attracted toward you.
The orc is attracted toward you.
You're too confused to move!
You feel your anger nearly subside.
You feel less confused.
You closely miss something. Something hits you!
* * * LOW HITPOINT WARNING * * *
The orc is attracted toward you.
Unknown command.
You barely miss the orc. You closely miss something.
The orc hits you with a +0 hand axe.
* * * LOW HITPOINT WARNING * * *
You hear some strange, mumbled words.
A magic dart appears from out of thin air!
The magic dart hits you.
You die...

#################.# #.# #.# #.#
#.# ##.###.#?## #.§§!§:...# #.
#. #o{###.#... ... #.# #@.# #.#
#.#.#####..# # #.# #.#..
..#..###.# #.# #.#.# #.........
#.# #.#.# #........# #.#
#.#.###........# .# #.#
#.#.......####.# .#
..######.#.#.##..####.####.####
.....##....#.##).<............#


You could see an orc.

Vanquished Creatures
  5 adders
  A worm (D:2)
  2 orcs (D:3)
  4 ball pythons
  7 endoplasms
  3 giant cockroaches (D:3)
  7 goblins
  8 hobgoblins
  3 quokkas
  2 bats
  A frilled lizard (D:1)
  5 kobolds
  5 rats
53 creatures vanquished.

Vanquished Creatures (others)
  A kraken (D:1)
  A minotaur (D:1)
  An octopode (D:1)
  A gargoyle (D:1)
  An elf (D:1)
  A human (D:1)
  A naga (D:1)
  A gnoll (D:1)
  A plant (D:3)
  6 tentacles (D:1)
15 creatures vanquished.

Grand Total: 68 creatures vanquished

Notes
Turn   | Place    | Note
-------+----------+-------------------------------------------
     0 | D:1      | Illumine the Minotaur Fighter began the quest for the Orb.
     0 | D:1      | Reached XP level 1. HP: 19/19 MP: 0/0
     0 | D:1      | Noticed a draconian
     0 | D:1      | Noticed a vine stalker
     0 | D:1      | Noticed a ghoul
     0 | D:1      | Noticed an octopode
     0 | D:1      | Noticed a minotaur
     0 | D:1      | Noticed a human
     0 | D:1      | Noticed a human
     0 | D:1      | Noticed a kraken
     0 | D:1      | Noticed a demigod
     0 | D:1      | Noticed a gargoyle
     0 | D:1      | Noticed a naga
     0 | D:1      | Noticed an elf
     3 | D:1      | Killed a human
     6 | D:1      | Killed a gargoyle
     7 | D:1      | Killed an elf
     8 | D:1      | Killed a minotaur
    10 | D:1      | Killed a naga
    11 | D:1      | Killed an octopode
    13 | D:1      | Killed a kraken
    18 | D:1      | Found a faded altar of an unknown god.
    18 | D:1      | Noticed a floating eye
    23 | D:1      | Noticed a great orb of eyes
    27 | D:1      | Noticed a shining eye
    27 | D:1      | Noticed a golden eye
   122 | D:1      | Reached XP level 2. HP: 27/27 MP: 1/1
  1035 | D:2      | Reached XP level 3. HP: 27/33 MP: 2/2
  1292 | D:2      | Reached XP level 4. HP: 40/40 MP: 3/3
  2110 | D:3      | Found a hazy altar of Hepliaklqana.
  2457 | D:3      | Noticed Sigmund
  2472 | D:3      | HP: 1/60 [orc/+0 hand axe (3)]
  2472 | D:3      | Killed from afar by Sigmund

Illustrated notes

Levels and vault maps discovered:
D:1:      nicolae_arrival_kraken_aquarium_a, layout_basic,
          hellmonk_ecumenical_altar_watching_god, hangedman_decor_push
D:2:      layout_loops_ring, corexii_shack, minmay_puff
D:3:      cheibrodos_old_hovel, layout_loops_ring, mainiacjoe_overflow_catwalk,
          uniq_sigmund

Skill      XL: |  1  2  3  4 |
---------------+-------------+-----
Axes           | 3 4 |  4.2
Armour         | 4 |  4.4
Fighting       | 4 |  4.3
Shields        | 4 |  4.1
Dodging        | |  0.6

Action                   |  1- 3 |  4- 6 || total
-------------------------+-------+-------++-------
Melee: War axe           |    66 |    54 ||   120
       Headbutt          |     5 |     1 ||     6
  Use: Potion            |       |     3 ||     3
Armor: Scale mail        |    24 |     9 ||    33
       Chain mail        |       |     4 ||     4
Dodge: Dodged            |    32 |    15 ||    47
Block: Buckler           |    13 |     1 ||    14
       Kite shield       |       |    23 ||    23

Table legend: (Time is in decaauts)
 A = Elapsed time spent in this place.
 B = Non-inter-level travel time spent in this place.
 C = Inter-level travel time spent in this place.
 D = Time resting spent in this place.
 E = Time spent auto-exploring this place.
 F = Levels seen in this place.
 G = Mean time per level.
                   A        B        C        D        E       F      G
               +--------+--------+--------+--------+--------+-----+--------+
         Total |   2520 |   2476 |     44 |      0 |   1979 |   3 |  840.0 |
       Dungeon |   2520 |   2476 |     44 |      0 |   1979 |   3 |  840.0 |
               +--------+--------+--------+--------+--------+-----+--------+

Top non-repeatable levels by time:
     D:2: 1011 daAuts
     D:1: 867 daAuts
     D:3: 641 daAuts
